 Dungeon Crawl Stone Soup version 0.26-a0-1058-g8dc6ce00ff (console) character file.

Game seed: 13444547645180490595

(classic levelgen) 1922 Duffy the Chopper (level 8, 74/74 HPs)
             Began as a Deep Dwarf Fighter on Dec 13, 2020.
             Quit the game in the Ecumenical Temple.
             The game lasted 00:04:47 (4003 turns).

Duffy the Chopper (Deep Dwarf Fighter)              Turns: 4003, Time: 00:04:47

Health: 74/74      AC: 17    Str: 20    XL:     8   Next: 96%
Magic:  7/7        EV: 10    Int: 10    God:
Gold:   297        SH: 10    Dex: 13    Spells: 7/7 levels left

rFire    . . .     SeeInvis .   b - +2 hand axe (venom)
rCold    . . .     Faith    .   c - +0 kite shield
rNeg     . . .     Spirit   .   g - +0 scale mail
rPois    .         Reflect  .   t - +2 helmet
rElec    .         Harm     .   (no cloak)
rCorr    .         Rampage  .   (no gloves)
Will     +....                  r - +1 pair of boots
Stlth    ..........             (no amulet)
HPRegen  0.00/turn              f - +4 ring of protection
MPRegen  0.10/turn              (no ring)

@: non-regenerating
A: damage resistance, heal wounds, sense surroundings 1, no regeneration
a: Heal Wounds


You were in the Ecumenical Temple.
You visited 2 branches of the dungeon, and saw 7 of its levels.

You collected 297 gold pieces.

Inventory:

Hand Weapons
 a - a +0 war axe
 b - a +2 hand axe of venom (weapon)
 w - a +0 whip of electrocution
Armour
 c - a +0 kite shield (worn)
 g - a +0 scale mail (worn)
 r - a +1 pair of boots (worn)
 s - a +0 helmet
 t - a +2 helmet (worn)
Jewellery
 f - a +4 ring of protection (left hand)
Wands
 q - a wand of flame (10)
 u - a wand of disintegration (4)
Scrolls
 e - a scroll of fog
 k - 3 scrolls of enchant weapon
 l - 2 scrolls of remove curse
 n - 2 scrolls of enchant armour
 v - a scroll of summoning {unknown}
Potions
 d - 5 potions of might
 h - 3 potions of curing {unknown}
 i - 2 potions of flight {unknown}
 j - a potion of cancellation {unknown}
 m - a potion of lignification {unknown}
 o - a potion of attraction {unknown}
 p - a potion of mutation {unknown}


   Skills:
 + Level 5.1 Fighting
 * Level 7.7 Axes
 + Level 6.1 Armour
 + Level 4.8 Dodging
 + Level 6.2 Shields


You had 7 spell levels left.
You didn't know any spells.
Your spell library contained the following spells:

 Spells                   Type           Power        Failure   Level
 Animate Skeleton         Necr           #.....       97%         1
 Pain                     Necr           #...         97%         1
 Vampiric Draining        Necr           #.........   100%        3
 Animate Dead             Necr           #.........   100%        4
 Agony                    Necr           #.......     100%        5


Dungeon Overview and Level Annotations

Branches:
Dungeon (6/15)             Temple (1/1) D:6

Altars:
Ashenzari
Elyvilon
Fedhas
Gozag
Hepliaklqana
Kikubaaqudgha
Nemelex Xobeh
Okawaru
Qazlal
Ru
Sif Muna
Trog
Uskayaw
Vehumet
Wu Jian
Xom
Yredelemnul
Zin


Innate Abilities, Weirdness & Mutations

You are resistant to damage.
You can heal yourself by infusing magical energy.
You passively map a small area around you.
You do not regenerate.


Message History

Found an opulent altar of Gozag.
Done exploring.
Done exploring.
Done exploring.
Done exploring.
Done exploring.
Done exploring.
Done exploring.
Done exploring.
Done exploring.
Done exploring.
Done exploring.
Done exploring.
Done exploring.
Done exploring.
Search for what [Enter for "."]? mak Can't find anything matching that.
Okay, then.
Search for what [Enter for "mak", or ? for help]? .
Are you sure you want to abandon this character and quit the game? (Confirm with "yes".)

.#...#.##.##.#...#.##.##.#...#.##.#
.##.##.#...#.##.##.#...#.##.##.#...
........._..........._..........._.
.......#...#.##.##.#...#.##.##.#...
.......##.##.#...#.##.##.#...#.##.#
..............._..........._.......
#............#...#.##.##.#...#.....
##...........##.##.#...#.##.##.....
##...}..........@..._.............
##...............#...#...........
###.............##.##...........
###...........................
####..........}..........###
#####.............#####
###############


There were no monsters in sight!

Vanquished Creatures
  Pikel (D:6)
  Sigmund (D:3)
  Eustachio (D:6)
  2 ogres
  2 centaurs (D:5)
  A lemure (D:6)
  Blork the orc (D:4)
  A bullfrog (D:5)
  A water moccasin skeleton (D:6)
  A howler monkey (D:5)
  A bullfrog zombie (D:5)
  An orc priest (D:5)
  4 orc wizards
  A hound (D:4)
  2 bullfrog skeletons
  An iguana (D:4)
  3 worker ants
  Robin (D:4)
  7 adders
  A white imp (D:5)
  An ufetubus (D:6)
  2 oozes
  5 worms
  2 dart slugs
  4 leopard geckos
  14 orcs
  11 bats
  6 giant cockroaches
  19 goblins
  9 hobgoblins
  12 jackals
  5 quokkas
  2 ball pythons
  6 frilled lizards
  14 kobolds
  A quokka skeleton (D:5)
  14 rats
161 creatures vanquished.

Vanquished Creatures (others)
  An orc (D:5)
1 creature vanquished.

Grand Total: 162 creatures vanquished

Notes
Turn   | Place    | Note
-------+----------+-------------------------------------------
     0 | D:1      | Duffy the Deep Dwarf Fighter began the quest for the Orb.
     0 | D:1      | Reached XP level 1. HP: 20/20 MP: 1/1
   157 | D:1      | Reached XP level 2. HP: 27/27 MP: 2/2
   336 | D:1      | Reached skill level 1 in Dodging
   360 | D:1      | Reached XP level 3. HP: 28/33 MP: 3/3
   616 | D:2      | Reached skill level 3 in Axes
   741 | D:2      | Reached XP level 4. HP: 27/42 MP: 4/4
   857 | D:2      | Found a white marble altar of Elyvilon.
  1087 | D:2      | You fall into a shaft and drop 1 floor!
  1231 | D:3      | Noticed Sigmund
  1290 | D:3      | Killed Sigmund
  1291 | D:3      | Reached skill level 4 in Axes
  1291 | D:3      | Reached XP level 5. HP: 28/49 MP: 5/5
  1291 | D:3      | Reached XP level 6. HP: 32/56 MP: 6/6
  1751 | D:3      | You fall into a shaft and drop 2 floors!
  1751 | D:5      | Entered Level 5 of the Dungeon
  1767 | D:4      | Noticed Blork the orc
  1784 | D:4      | Killed Blork the orc
  1885 | D:4      | Reached skill level 5 in Axes
  1889 | D:4      | Reached XP level 7. HP: 59/63 MP: 7/7
  2071 | D:3      | Found a sacrificial altar of Ru.
  2486 | D:4      | Noticed Robin
  2504 | D:4      | Killed Robin
  2915 | D:4      | Noticed a moth of wrath
  2918 | D:4      | Found a bloodstained altar of Trog.
  3073 | D:5      | Reached skill level 5 in Shields
  3081 | D:5      | Reached skill level 5 in Armour
  3085 | D:5      | Reached skill level 6 in Axes
  3175 | D:5      | Reached XP level 8. HP: 56/73 MP: 8/8
  3255 | D:5      | Found an iron altar of Okawaru.
  3467 | D:6      | Noticed Eustachio
  3493 | D:6      | Killed Eustachio
  3526 | D:6      | Noticed Pikel
  3541 | D:6      | Killed Pikel
  3542 | D:6      | Reached skill level 5 in Fighting
  3542 | D:6      | Reached skill level 7 in Axes
  3828 | D:6      | Found a staircase to the Ecumenical Temple.
  3888 | Temple   | Entered the Ecumenical Temple
  4003 | Temple   | Quit the game

Illustrated notes

Levels and vault maps discovered:
D:1:      giann_forest_graveyard, layout_loops_ring, hangedman_feature_mirror
D:2:      minmay_recursive_quarters, layout_basic, kennysheep_pointless_box,
          elyvilon_altar_4
D:3:      kb_forest_paths, layout_basic, nicolae_ru_the_path_less_chosen,
          uniq_sigmund
D:4:      layout_loops_ring, kennysheep_decorative_pillar, tgw_trog, uniq_robin,
          uniq_blork_the_orc
D:5:      layout_rooms, kennysheep_okawaru_gauntlet
D:6:      layout_layer_cave, minmay_temple_entry_hall, uniq_eustachio,
          uniq_pikel
Temple:   nicolae_temple_elliptical

Skill      XL: |  1  2  3  4  5  6  7  8 |
---------------+-------------------------+-----
Dodging        | 1 2 3 4 |  4.8
Fighting       | 3 4 5 |  5.1
Axes           | 3 4 5 6 7 |  7.7
Armour         | 4 5 6 |  6.1
Shields        | 4 5 6 |  6.2

Action                   |  1- 3 |  4- 6 |  7- 9 || total
-------------------------+-------+-------+-------++-------
Melee: War axe           |   134 |    97 |       ||   231
       Hand axe          |       |    63 |   218 ||   281
 Abil: Heal Wounds       |       |     4 |     7 ||    11
  Use: Scroll            |       |     4 |     5 ||     9
Armor: Scale mail        |    89 |    73 |   124 ||   286
Dodge: Dodged            |    50 |    52 |    95 ||   197
Block: Kite shield       |    89 |    73 |   137 ||   299

Table legend: (Time is in decaauts)
 A = Elapsed time spent in this place.
 B = Non-inter-level travel time spent in this place.
 C = Inter-level travel time spent in this place.
 D = Time resting spent in this place.
 E = Time spent auto-exploring this place.
 F = Levels seen in this place.
 G = Mean time per level.
                   A        B        C        D        E       F      G
               +--------+--------+--------+--------+--------+-----+--------+
         Total |   4127 |   3842 |    285 |      9 |   2704 |   7 |  589.6 |
       Dungeon |   4012 |   3727 |    285 |      9 |   2590 |   6 |  668.7 |
        Temple |    114 |    114 |      0 |      0 |    114 |   1 |  114.0 |
               +--------+--------+--------+--------+--------+-----+--------+

Top non-repeatable levels by time:
     D:3: 1059 daAuts
     D:2: 721 daAuts
     D:4: 693 daAuts
     D:1: 638 daAuts
     D:5: 468 daAuts
     D:6: 430 daAuts
  Temple: 114 daAuts
